 Dungeon Crawl Stone Soup version 0.18-a0-1426-g3b9a63c (webtiles) character file.

220 namelastname112 the Insei (level 5, 0/40 HPs)
             Began as a Draconian Transmuter on Feb 27, 2016.
             Killed by nerve-wracking pain
             ... invoked by Grinder
              (12 damage)
             ... on level 3 of the Dungeon.
             The game lasted 00:02:58 (2421 turns).

namelastname112 the Insei (Draconian Transmuter)    Turns: 2421, Time: 00:02:58

Health: 0/40       AC:  2    Str: 16 (17) XL:     5   Next: 64%
Magic:  8/8        EV: 12    Int: 10 (13) God:
Gold:   123        SH:  0    Dex: 10 (13) Spells: 1 memorised, 7 levels left

rFire  . . .     SeeInvis .     d - +2 dagger (venom)
rCold  . . .     Gourm    .     (armour unavailable)
rNeg   . . .     Faith    .     (no shield)
rPois  .         Spirit   .     (helmet restricted)
rElec  .         Dismiss  .     (no cloak)
rCorr  .         Reflect  .     (no gloves)
SustAt .         Harm     .     (no boots)
MR     .....                    r - amulet of magic regeneration
Stlth  +.........               (no ring)
                                m - -3 ring of protection (curse)

@: mighty, not resistant to hostile enchantments, very unstealthy
A: unfitting armour, wild magic 1, cold-blooded, AC +5
a: no special abilities


You were on level 3 of the Dungeon.
You were hungry.

You visited 1 branch of the dungeon, and saw 3 of its levels.

You collected 123 gold pieces.

Inventory:

Hand Weapons
 d - a +2 dagger of venom (weapon)
Missiles
 a - 24 arrows
 q - 9 arrows of dispersal
 x - a throwing net (quivered)
Jewellery
 m - a cursed -3 ring of protection (left hand)
 r - an amulet of magic regeneration (around neck)
Scrolls
 e - a scroll of teleportation {unknown}
 g - 4 scrolls of remove curse {unknown}
 h - a scroll of amnesia {unknown}
 l - a scroll of enchant armour {unknown}
 n - 3 scrolls of identify {unknown}
 p - a scroll of recharging {unknown}
 t - a scroll of immolation {unknown}
 v - a scroll of random uselessness {unknown}
 y - a scroll of fear {unknown}
Books
 b - a book of Changes

   Spells                             Type                      Level
   a - Beastly Appendage              Transmutation                1
   b - Sticks to Snakes               Transmutation                2
   c - Spider Form                    Transmutation/Poison         3
   d - Ice Form                       Ice/Transmutation            4
   e - Blade Hands                    Transmutation                5
 z - a Fen Folio

   Spells                             Type                      Level
   a - Corpse Rot                     Necromancy                   2
   b - Stone Arrow                    Conjuration/Earth            3
   c - Leda's Liquefaction            Hexes/Earth                  4
   d - Summon Forest                  Summoning/Translocation      5
   e - Hydra Form                     Transmutation                6
   f - Summon Hydra                   Summoning                    7
Comestibles
 c - 6 bread rations
 f - a beef jerky
 k - a slice of pizza
 o - 4 meat rations


   Skills:
 - Level 1.1 Fighting
 - Level 1.7 Dodging
 + Level 4.9 Unarmed Combat
 - Level 2.0 Spellcasting
 + Level 4.5 Transmutations


You had 7 spell levels left.
You knew the following spells:

 Your Spells              Type           Power        Failure   Level  Hunger
a - Beastly Appendage     Trmt           ###...       13%         1    ##.....


Dungeon Overview and Level Annotations

Branches:
Dungeon (3/15)

Altars:
Trog
Vehumet

Annotations:
D:3 Grinder, Terence


Innate Abilities, Weirdness & Mutations

Your plain brown scales are hard (AC +5).
Your body does not fit into most forms of armour.
You are cold-blooded and may be slowed by cold attacks.
Your spells are a little harder to cast, but a little more powerful.


Message History

Grinder is moderately wounded.
Grinder hits you.
You writhe in agony.
You puncture Grinder!
Grinder is severely wounded.
Grinder hits you.
You writhe in agony.
You closely miss Grinder.
Grinder is severely wounded.
Grinder hits you.
You writhe in agony.
You barely miss Grinder.
Grinder is severely wounded.
Grinder hits you!
You writhe in agony.
* * * LOW HITPOINT WARNING * * *
You closely miss Grinder.
Grinder is severely wounded.
Grinder closely misses you.
You barely miss Grinder.
Your tail-slap misses Grinder.
Grinder is severely wounded.
Grinder gestures at you. Pain shoots through your body!
You die...

#...# ######.##
#..........#...##
......# #......#
#..##.# #.#...##
#..##.###.##.#####
#.................
#@##.###.##.#####
#.####5##.###.##.#
#....@........##.#
################.#
##.#.# ##.#..#####
##.###..<... ##.##
##..... ########.##
##.... #.......#.##
##.....
#.#...#.##.###......


You could see Grinder and Terence.

Vanquished Creatures
  An ogre (D:3)
  A centaur skeleton (D:3)
  5 adders
  A dart slug (D:1)
  2 giant geckos
  4 orcs (D:3)
  3 ball pythons
  8 bats
  5 giant cockroaches
  6 goblins
  5 hobgoblins
  2 jackals (D:3)
  7 kobolds
  A quokka (D:2)
  5 rats
56 creatures vanquished.

Notes
Turn   | Place    | Note
--------------------------------------------------------------
     0 | D:1      | namelastname112 the Draconian Transmuter began the quest for the Orb.
     0 | D:1      | Reached XP level 1. HP: 16/16 MP: 3/3
     0 | D:1      | Noticed an ice dragon
     1 | D:1      | Noticed an orb of fire
     3 | D:1      | Noticed an iron dragon
     3 | D:1      | Noticed an orb of fire
     4 | D:1      | Noticed a large abomination
     9 | D:1      | Noticed an ice dragon
    10 | D:1      | Noticed an orb of fire
    11 | D:1      | Noticed a large abomination
    13 | D:1      | Noticed an ice dragon
    13 | D:1      | Noticed a white draconian
    15 | D:1      | Noticed an iron dragon
    17 | D:1      | Noticed an iron dragon
    17 | D:1      | Noticed a shadow dragon
    17 | D:1      | Noticed a shadow dragon
    19 | D:1      | Noticed a mottled draconian
    19 | D:1      | Noticed a mottled draconian
    19 | D:1      | Noticed an iron dragon
   101 | D:1      | Reached XP level 2. HP: 18/23 MP: 5/5
   547 | D:2      | You fall through a shaft!
   561 | D:3      | Reached XP level 3. HP: 6/28 MP: 6/6
   946 | D:2      | Reached XP level 4. HP: 25/35 MP: 7/7
  1053 | D:2      | Found a radiant altar of Vehumet.
  1226 | D:2      | Found a faded altar to an unknown god.
  1496 | D:3      | Found a bloodstained altar of Trog.
  1546 | D:3      | Noticed an ogre
  1555 | D:3      | Killed an ogre
  1555 | D:3      | Reached XP level 5. HP: 13/40 MP: 8/8
  2397 | D:3      | Noticed Grinder
  2399 | D:3      | Noticed Terence
  2401 | D:3      | Gained mutation: Your spells are a little harder to cast, but a little more powerful. [potion of beneficial mutation]
  2421 | D:3      | Killed from afar by Grinder

Vault maps used:
D:1:      shiori_arrival_whats_in_store_for_you
D:2:      vehumet_crystals, ecumenical_altar_1
D:3:      lemuel_crystal_altar, nrook_mini_backslash, corexii_shack,
          st_stairs_1, uniq_grinder, uniq_terence

Skill      XL: |  1  2  3  4 |
---------------+-------------+-----
Transmutations | 3 4 |  4.5
Unarmed Combat | 4 |  4.9
Fighting       | |  1.1
Dodging        | |  1.7
Spellcasting   | |  2.0

Action                   |  1- 3 |  4- 6 || total
-------------------------+-------+-------++-------
Melee: Dagger            |    76 |   115 ||   191
Throw: Throwing net      |       |     1 ||     1
  Use: Potion            |       |     5 ||     5
 Stab: Sleeping          |     1 |     3 ||     4
       Held in net/web   |       |     1 ||     1
  Eat: Chunk             |       |     4 ||     4
